 Dungeon Crawl Stone Soup version 0.28.0-49-g6dfe1f597d (webtiles) character file.

Game seed: 2322107046745386270

5216 hawla the Arsonist (level 10, -1/39 HPs)
             Began as a Felid Fire Elementalist on May 12, 2022.
             Was an Elder of Vehumet.
             Slain by a six-headed hydra (8 damage)
             ... on level 13 of the Dungeon.
             The game lasted 01:02:58 (20514 turns).

hawla the Arsonist (Felid Fire Elementalist)       Turns: 20514, Time: 01:02:59

Health: -1/39      AC:  4    Str:  6    XL:     10   Next: 35%
Magic:  10/23      EV: 20    Int: 27    God:    Vehumet [****..]
Gold:   1066       SH:  5    Dex: 15    Spells: 1/26 levels left
                                        Lives:  0   Deaths: 2

rFire   . . .      SeeInvis +     - Unarmed
rCold   . . .      Faith    .   (shield unavailable)
rNeg    . . .      Spirit   .   (armour unavailable)
rPois   +          Reflect  +   (helmet unavailable)
rElec   .          Harm     .   (cloak unavailable)
rCorr   .          Rampage  .   (gloves unavailable)
Will    +....                   (boots unavailable)
Stlth   ++........              p - amulet of reflection
HPRegen 0.13/turn               m - +6 ring of intelligence
MPRegen 0.18/turn               o - ring of poison resistance

@: very slightly contaminated, quick
A: very small, claws 1, fangs 3, see invisible, speed 1, shaggy fur 2, stealthy
paws, no weapons or thrown items, no armour, multi-lived, horns 1, iridescent
scales 1, clever 1, clumsy 1
a: Renounce Religion


You were on level 13 of the Dungeon.
You worshipped Vehumet.
Vehumet was greatly pleased with you.
You visited 2 branches of the dungeon, and saw 14 of its levels.
You also visited: Ossuary.

You collected 1066 gold pieces.

Inventory:

Jewellery
 j - a ring of positive energy
 m - a +6 ring of intelligence (left paw)
 o - a ring of poison resistance (right paw)
 p - an amulet of reflection (around neck)
 r - a +4 ring of evasion
 v - a +4 ring of protection
 x - an amulet of the acrobat
Wands
 i - a wand of charming (6)
 q - a wand of paralysis (18)
 w - a wand of mindburst (11)
 y - a wand of flame (11)
Scrolls
 h - 5 scrolls of identify
 k - 7 scrolls of teleportation
 l - 3 scrolls of holy word {unknown}
 s - a scroll of silence
 t - a scroll of amnesia
 u - a scroll of magic mapping {unknown}
 z - 2 scrolls of fog
Potions
 a - 3 potions of curing
 b - a potion of cancellation
 c - 2 potions of heal wounds
 d - 4 potions of might
 e - 2 potions of haste
 f - a potion of flight
 g - 2 potions of brilliance
 n - a potion of berserk rage


   Skills:
 + Level 1.4 Fighting
 + Level 6.6 Dodging
 - Level 2.7 Stealth
 + Level 2.2 Unarmed Combat
 + Level 8.8 Spellcasting
 + Level 6.8 Conjurations
 + Level 4.5 Transmutations
 * Level 11.4 Fire Magic
 + Level 3.8 Air Magic
 + Level 5.0 Poison Magic


You had one spell level left.
You knew the following spells:

 Your Spells              Type           Power      Damage    Failure   Level
a - Fireball              Conj/Fire      28%        3d12      1%          5
b - Scorch                Fire           100%       2d10      1%          2
c - Mephitic Cloud        Conj/Pois/Air  40%        N/A       1%          3
d - Ignite Poison         Fire/Tmut/Pois 49%        N/A       1%          3
e - Flame Wave            Conj/Fire      57%        2d11      1%          4
f - Conjure Flame         Conj/Fire      57%        6-21      1%          3
g - Irradiate             Conj/Tmut      21%        3d20      3%          5

Your spell library contained the following spells:

 Spells                   Type           Power      Damage    Failure   Level
 Lee's Rapid Deconstruct  Erth           5%         3d7*      32%         5
 Foxfire                  Conj/Fire      100%       2x1d9     1%          1
 Freeze                   Ice            44%        1d6       1%          1
 Magic Dart               Conj           100%       1d8       1%          1
 Animate Skeleton         Necr           22%        N/A       4%          1
 Apportation              Tloc           22%        N/A       4%          1
 Summon Small Mammal      Summ           44%        N/A       4%          1
 Searing Ray              Conj           98%        2d8       1%          2
 Inner Flame              Hex/Fire       42%        N/A       1%          3
 Fulminant Prism          Conj/Hex       15%        3d11      3%          4
 Hailstorm                Conj/Ice       30%        3d8       3%          4
 Frozen Ramparts          Ice            22%        1d4       4%          3
 Starburst                Conj/Fire      28%        6d9       4%          6
 Freezing Cloud           Conj/Ice/Air   15%        6-21      9%          5
 Summon Guardian Golem    Hex/Summ       11%        N/A       14%         3
 Blade Hands              Tmut           18%        N/A       21%         5
 Animate Dead             Necr           5%         N/A       43%         4
 Cause Fear               Hex            5%         N/A       43%         4
 Summon Ice Beast         Ice/Summ       11%        N/A       43%         4
 Orb of Destruction       Conj           24%        9d9       50%         7
 Ignition                 Fire           32%        3d10      54%         8
 Spellforged Servitor     Conj/Summ      15%        N/A       91%         7
 Dragon Form              Tmut           18%        N/A       99%         7
 Haunt                    Necr/Summ      5%         N/A       100%        7
 Infestation              Necr           5%         N/A       100%        8
 Dragon's Call            Summ           5%         N/A       100%        9
 Excruciating Wounds      Necr           Unusable   N/A       N/A         5

Dungeon Overview and Level Annotations

Branches:
Dungeon (13/15)            Temple (1/1) D:4            Lair (0/6) D:9
    Orc (0/2) D:11        Ossuary (visited)
 Vaults: D:13-14

Altars:
Ashenzari
Cheibriados
Dithmenos
Elyvilon
Fedhas
Gozag
Hepliaklqana
Kikubaaqudgha
Makhleb
Nemelex Xobeh
Okawaru
Qazlal
Ru
Sif Muna
Trog
Uskayaw
Vehumet
Wu Jian
Xom
Yredelemnul
Zin
The Shining One
Beogh

Shops:
D:4 (

Annotations:
D:5 1 runed translucent door, Crazy Yiuf


Innate Abilities, Weirdness & Mutations

You have sharp claws.
You have razor-sharp teeth.
You have supernaturally acute eyesight. (SInv)
You cover ground quickly. (Speed+)
You are covered in thick fur. (AC +2)
Your paws help you pounce on unaware monsters.
You are incapable of wielding weapons or throwing items.
You cannot wear armour.
You gain extra lives every three experience levels.
You have a pair of small horns on your head.
You are partially covered in iridescent scales. (AC +2)
Your mind is acute. (Int +2)
You are clumsy. (Dex -2)


Message History

You are very lightly contaminated with residual magic.
Your magical contamination has completely faded away.
Magic restored.
A six-headed hydra comes into view.
A six-headed hydra is nearby!
Casting: Irradiate (quite dangerous; 3% risk of failure)
Confirm with . or Enter, or press ? or * to list all spells.
You can't see any susceptible monsters within range! (Use Z to cast anyway.)
Things that are here:
a +0 shortbow; 16 arrows
Casting: Irradiate (quite dangerous; 3% risk of failure)
Confirm with . or Enter, or press ? or * to list all spells.
Aiming: Mephitic Cloud (safe; 1% risk of failure)
Press: ? - help, Shift-Dir - straight line The ball explodes into a vile cloud!
The stinking cloud engulfs the six-headed hydra but does no damage.
You hear a shout!
Casting: Mephitic Cloud (safe; 1% risk of failure)
Confirm with . or Enter, or press ? or * to list all spells.
You ignite the poison in your surroundings!
The six-headed hydra is engulfed in blazing flames.
Casting: Ignite Poison (safe; 1% risk of failure)
Confirm with . or Enter, or press ? or * to list all spells.
Flames lash the six-headed hydra.
The six-headed hydra is moderately wounded.
The six-headed hydra's fire resistance burns away.
The six-headed hydra is engulfed in blazing flames.
Casting: Scorch (safe; 1% risk of failure)
Confirm with . or Enter, or press ? or * to list all spells.
The spell is quite dangerous to miscast (3% risk of failure)!
Continue anyway?
Okay, then.
Casting: Irradiate (quite dangerous; 3% risk of failure)
Confirm with . or Enter, or press ? or * to list all spells.
The spell is quite dangerous to miscast (3% risk of failure)!
Continue anyway?
You miscast Irradiate.
You are very lightly contaminated with residual magic.
You feel a strange surge of energy. The six-headed hydra bites you! x2
* * * LOW HITPOINT WARNING * * *
The six-headed hydra bites you!
You die...

. .# .# # .. .#.#
#. #.#.# ## #.
##... #... #.
#..# ..#
#..###.###..###.#
#..°☼D@.......^#
######.........#
#..?......#
#.........#
#.....<...#
###########


You could see a six-headed hydra (combustible).

Vanquished Creatures
  A hydra (D:12)
  Erica (D:11)
  2 two-headed ogres
  A cyclops (D:10)
  An ugly thing (D:12)
  A gargoyle (D:12)
  An unseen horror (D:12)
  A komodo dragon (D:12)
  5 trolls
  Grinder (D:5)
  8 slime creatures (D:12)
  Sigmund (D:6)
  2 wraiths (D:11)
  A shadow (D:12)
  16 yaks
  2 vampires (D:12)
  4 vampire mosquitoes (D:10)
  Edmund (D:8)
  2 steam dragons
  2 water moccasins
  4 sky beasts
  A necrophage (D:7)
  3 orc warriors
  An ogre (D:5)
  2 kobold brigands
  8 centaurs
  2 phantoms
  4 bullfrogs
  5 scorpions
  8 killer bees (D:9)
  3 vampire bats (D:11)
  3 howler monkeys (D:11)
  A bullfrog zombie (D:5)
  3 centaur zombies
  A centaur skeleton (D:6)
  A jelly (D:6)
  5 hounds
  2 orc priests (D:11)
  A gnoll shaman (D:6)
  5 iguanas
  11 orc wizards
  8 mummies (Ossuary)
  6 gnolls
  7 adders
  A river rat (D:6)
  A shadow imp (D:7)
  2 white imps
  An ufetubus (D:5)
  2 adder skeletons (D:4)
  9 worms
  3 dart slugs
  20 orcs
  4 ball pythons
  6 bats
  2 bat skeletons (D:11)
  2 bat zombies (D:11)
  10 endoplasms
  5 giant cockroaches
  11 goblins
  4 hobgoblins
  5 jackals
  17 kobolds
  13 quokkas
  3 frilled lizards
  2 gnoll zombies (Ossuary)
  3 hobgoblin zombies (Ossuary)
  2 kobold zombies (Ossuary)
  An orc zombie (Ossuary)
  A quokka skeleton (D:4)
  4 rats
283 creatures vanquished.

Vanquished Creatures (others)
  465 foxfires
  9 fungi (D:9)
  10 plants (D:9)
484 creatures vanquished.

Grand Total: 767 creatures vanquished

Notes
Turn   | Place    | Note
-------+----------+-------------------------------------------
     0 | D:1      | hawla the Felid Fire Elementalist began the quest for the
                  | Orb.
     0 | D:1      | Reached XP level 1. HP: 7/7 MP: 4/4
    64 | D:1      | Reached skill level 3 in Fire Magic
   125 | D:1      | Reached XP level 2. HP: 8/11 MP: 0/6
   608 | D:1      | Learned a level 2 spell: Scorch
  1335 | D:2      | Reached skill level 1 in Conjurations
  1335 | D:2      | Reached XP level 3. HP: 14/14 MP: 3/7
  1345 | D:2      | Learned a level 3 spell: Mephitic Cloud
  2569 | D:2      | Reached skill level 1 in Poison Magic
  2965 | D:2      | Reached XP level 4. HP: 18/18 MP: 4/8
  3671 | D:3      | Found a faded altar of an unknown god.
  3974 | D:3      | Found a hazy altar of Hepliaklqana.
  4279 | D:4      | Found Ufemief's Weapon Emporium.
  4442 | D:4      | Reached skill level 1 in Air Magic
  4442 | D:4      | Reached XP level 5. HP: 14/21 MP: 3/9
  4619 | D:4      | Got the Disquisition on Dark Rites and Snow
  4820 | D:4      | Noticed a phantom
  4844 | D:4      | Killed a phantom
  4845 | D:4      | Reached skill level 4 in Fire Magic
  4845 | D:4      | Gained mutation: You are covered in thick fur. (AC +2)
                  | [Felid growth]
  4845 | D:4      | Reached XP level 6. HP: 10/24 MP: 0/11
  5031 | D:4      | Found a staircase to the Ecumenical Temple.
  5037 | Temple   | Entered the Ecumenical Temple
  5324 | Temple   | Became a worshipper of Vehumet
  5794 | D:5      | Entered Level 5 of the Dungeon
  5926 | D:5      | Noticed Edmund
  5985 | D:5      | Found a sand-covered staircase.
  6027 | Ossuary  | Entered an ossuary
  6032 | Ossuary  | Learned a level 3 spell: Ignite Poison
  6065 | Ossuary  | Gained mutation: You have a pair of small horns on your
                  | head. [potion of mutation]
  6065 | Ossuary  | Gained mutation: Your mind is acute. (Int +2) [potion of
                  | mutation]
  6065 | Ossuary  | Gained mutation: You are clumsy. (Dex -2) [potion of
                  | mutation]
  6065 | Ossuary  | Gained mutation: You are partially covered in iridescent
                  | scales. (AC +2) [potion of mutation]
  6250 | Ossuary  | Reached * piety under Vehumet
  6250 | Ossuary  | Offered knowledge of Sandblast by Vehumet.
  6367 | Ossuary  | Reached XP level 7. HP: 28/28 MP: 3/13
  7124 | D:5      | Noticed Grinder
  7240 | D:5      | Reached skill level 1 in Transmutations
  7776 | D:5      | Killed Grinder
  7777 | D:5      | Reached skill level 5 in Fire Magic
  8066 | D:5      | Found a runed translucent door.
  8067 | D:5      | Noticed Crazy Yiuf
  8475 | D:6      | Reached XP level 8. HP: 31/31 MP: 10/14
  8876 | D:6      | Reached skill level 6 in Fire Magic
  9026 | D:6      | Reached ** piety under Vehumet
  9040 | D:6      | Offered knowledge of Shock by Vehumet.
  9208 | D:6      | Noticed a troll
  9213 | D:6      | Killed a troll
  9264 | D:6      | Noticed Sigmund
  9269 | D:6      | Killed Sigmund
 10162 | D:6      | Learned a level 4 spell: Flame Wave
 10404 | D:7      | Reached skill level 1 in Fighting
 10404 | D:7      | Reached skill level 7 in Fire Magic
 10404 | D:7      | Reached XP level 9. HP: 30/35 MP: 8/15
 10532 | D:7      | Reached skill level 1 in Unarmed Combat
 10777 | D:7      | Reached skill level 5 in Dodging
 11327 | D:7      | Reached skill level 8 in Fire Magic
 11328 | D:7      | Offered knowledge of Dazzling Flash by Vehumet.
 11708 | D:8      | Reached skill level 5 in Conjurations
 12309 | D:8      | Reached XP level 10. HP: 39/39 MP: 5/16
 12326 | D:8      | Learned a level 3 spell: Conjure Flame
 12347 | D:8      | Reached *** piety under Vehumet
 12565 | D:8      | Reached skill level 9 in Fire Magic
 13122 | D:8      | Killed Edmund
 13417 | D:9      | Offered knowledge of Sticky Flame by Vehumet.
 13620 | D:9      | Found a staircase to the Lair.
 13625 | D:9      | Reached skill level 5 in Spellcasting
 14295 | D:10     | Entered Level 10 of the Dungeon
 14378 | D:10     | Noticed a cyclops
 14385 | D:10     | Killed a cyclops
 14472 | D:10     | Learned a level 5 spell: Fireball
 14717 | D:10     | Noticed a two-headed ogre
 14724 | D:10     | Killed a two-headed ogre
 15312 | D:10     | Reached XP level 11. HP: 42/42 MP: 6/22
 16649 | D:11     | Reached skill level 10 in Fire Magic
 17046 | D:11     | Reached **** piety under Vehumet
 17050 | D:11     | Noticed Erica
 17258 | D:10     | Learned a level 5 spell: Irradiate
 17301 | D:11     | Killed Erica
 17598 | D:11     | Identified the +0 robe of Fashionability {Archmagi}
 17669 | D:11     | Found a staircase to the Orcish Mines.
 17674 | D:11     | Offered knowledge of Lee's Rapid Deconstruction by Vehumet.
 17679 | D:11     | Noticed a two-headed ogre
 17695 | D:11     | Killed a two-headed ogre
 17976 | D:11     | Found an ancient bone altar of Kikubaaqudgha.
 18323 | D:12     | Noticed a seven-headed hydra
 18326 | D:12     | Noticed a purple ugly thing
 18330 | D:12     | Slain by a seven-headed hydra
 18331 | D:12     | Reached XP level 10. HP: 0/39 MP: 9/23
 18811 | D:12     | Noticed a gargoyle
 18814 | D:12     | Killed a gargoyle
 19415 | D:12     | Reached skill level 11 in Fire Magic
 19415 | D:12     | Reached skill level 5 in Poison Magic
 19672 | D:12     | Killed a seven-headed hydra
 19673 | D:12     | Reached XP level 11. HP: 42/42 MP: 3/24
 19795 | D:12     | Killed a purple ugly thing
 20235 | D:13     | Noticed a skeletal warrior
 20235 | D:13     | Noticed a skeletal warrior
 20235 | D:13     | Noticed a skeletal warrior
 20235 | D:13     | Noticed a skeletal warrior
 20238 | D:12     | HP: 1/42 [skeletal warrior/+0 battleaxe[a skeletal warrior]
                  | (19)]
 20239 | D:12     | Annihilated by a skeletal warrior
 20240 | D:12     | Reached XP level 10. HP: -25/39 MP: 23/23
 20509 | D:13     | Noticed a six-headed hydra
 20514 | D:13     | Slain by a six-headed hydra

Illustrated notes

Levels and vault maps discovered:
D:1:      lightli_arrival_quake, layout_basic, minmay_heptomino_o4
D:2:      layout_loops_corners, grunt_decor_mini_mirrors,
          chequers_serial_rivers_small_a
D:3:      layout_basic, worldfamousw_hep_ancestral_shrine,
          shapermc_ecumenical_altar_pompeii
D:4:      layout_rooms, temple_green, serial_shops,
          nicolae_shop_bloodbath_and_beyond, kennysheep_opposing_triangles
D:5:      layout_gridville, enter_ossuary_5, hangedman_abyss_or_decor_stagger,
          nicolae_wormholes, uniq_edmund, uniq_crazy_yiuf_cottage, uniq_grinder
D:6:      layout_loops_corners, gup_sewer_entry_spiral, uniq_sigmund
D:7:      layout_loops_ring
D:8:      nicolae_cairo_tiling_very_big, layout_basic, minmay_misc_feat_columns,
          minmay_tree_intersection, minmay_holes
D:9:      layout_loops_cross, grunt_lair_entry_orc_guard_hut
D:10:     layout_irregular_city, serial_column_ruins, column_ruins_hut_pillars,
          column_ruins_square_large, column_ruins_open_tiny,
          column_ruins_corridor_corner, column_ruins_grid_2,
          column_ruins_grid_2, column_ruins_corridor_T, column_ruins_open_small,
          minivault_5
D:11:     layout_loops_ring, minmay_orc_entry_temple_small,
          kennysheep_vampire_church, uniq_erica
D:12:     layout_basic
D:13:     layout_rooms, led_sif_book
Temple:   regret_index_temple_sigil_plot

Skill      XL: |  1  2  3  4  5  6  7  8  9 10 11 |
---------------+----------------------------------+-----
Fire Magic     | 3 4 5 7 8 11 10 | 11.4
Dodging        | 3 4 5 6 |  6.6
Conjurations   | 1 2 3 5 6 |  6.8
Poison Magic   | 1 2 3 4 5 |  5.0
Air Magic      | 1 2 3 |  3.8
Spellcasting   | 3 6 8 |  8.8
Transmutations | 2 3 4 |  4.5
Fighting       | 1 |  1.4
Unarmed Combat | 1 2 |  2.2
Stealth        | |  2.7

Action                   |  1- 3 |  4- 6 |  7- 9 | 10-12 || total
-------------------------+-------+-------+-------+-------++-------
Melee: Unarmed           |     8 |    21 |    33 |    46 ||   108
       Bite              |     1 |       |     1 |     2 ||     4
       Headbutt          |       |       |     3 |    11 ||    14
       Punch             |       |       |     1 |     1 ||     2
 Cast: Foxfire           |    58 |    96 |    78 |    35 ||   267
       Scorch            |    12 |    26 |    47 |    75 ||   160
       Mephitic Cloud    |     2 |     8 |    24 |    20 ||    54
       Ignite Poison     |       |     3 |    15 |    14 ||    32
       Flame Wave        |       |       |     9 |     3 ||    12
       Fireball          |       |       |       |    87 ||    87
       Conjure Flame     |       |       |       |    24 ||    24
       Irradiate         |       |       |       |     1 ||     1
  Use: Potion            |       |     6 |       |     2 ||     8
       Scroll            |       |    12 |     6 |     5 ||    23
 Stab: Sleeping          |     1 |     1 |       |     1 ||     3
Armor: Skin              |     2 |     9 |    11 |    22 ||    44
Dodge: Dodged            |    32 |    52 |    79 |   133 ||   296
Block: Other             |       |       |     6 |    43 ||    49
       Reflection        |       |       |       |     2 ||     2
